 Dungeon Crawl Stone Soup version 0.24.0-37-gcf1ca852f1 (webtiles) character file.

Game seed: 423277895925028844, levelgen mode: deterministic

107 PentaManta the Cudgeler (level 4, 0/28 HPs)
             Began as a Gargoyle Monk on Dec 2, 2019.
             Slain by an adder (4 damage)
             ... on level 2 of the Dungeon.
             The game lasted 00:03:39 (2328 turns).

PentaManta the Cudgeler (Gargoyle Monk)             Turns: 2328, Time: 00:03:40

Health: 0/28       AC:  5    Str: 15    XL:     4   Next: 85%
Magic:  0/4        EV: 12    Int: 11    God:
Gold:   92         SH:  3    Dex: 12    Spells: 3/3 levels left

rFire    . . .     SeeInvis .   h - +0 whip
rCold    . . .     Gourm    .   p - +0 buckler
rNeg     + . .     Faith    .   b - +0 robe
rPois    ∞         Spirit   +   (no helmet)
rElec    +         Reflect  .   (no cloak)
rCorr    .         Harm     .   (no gloves)
MR       .....                  (no boots)
Stlth    ++........             g - amulet of guardian spirit
HPRegen  0.09/turn              (no ring)
MPRegen  0.09/turn              (no ring)

@: no status effects
A: negative energy resistance 1, electricity resistance, unbreathing,
petrification resistance, rot immunity, AC +3
a: no special abilities


You were on level 2 of the Dungeon.
You were hungry.

You visited 1 branch of the dungeon, and saw 3 of its levels.

You collected 92 gold pieces.

Inventory:

Hand Weapons
 a - a +0 mace
 h - a +0 whip (weapon)
Missiles
 o - 14 poisoned darts (quivered)
 t - a throwing net
Armour
 b - a +0 robe (worn)
 e - a +0 scale mail
 p - a +0 buckler (worn)
Jewellery
 g - an amulet of guardian spirit (around neck)
Wands
 s - a wand of iceblast (9)
Scrolls
 d - 3 scrolls of identify {unknown}
 i - 2 scrolls of remove curse {unknown}
 j - a scroll of blinking {unknown}
 k - a scroll of fog {unknown}
 l - a scroll of enchant weapon {unknown}
 m - a scroll of magic mapping {unknown}
 q - a scroll of enchant armour {unknown}
Potions
 f - 3 potions of curing {unknown}
 n - a potion of agility {unknown}
Comestibles
 c - 5 rations


   Skills:
 - Level 3.2 Fighting
 * Level 4.3 Maces & Flails
 + Level 2.0 Armour
 + Level 3.0 Dodging
 - Level 2.1 Stealth
 + Level 0.6 Shields


You had 3 spell levels left.
You didn't know any spells.
Your spell library was empty.

Dungeon Overview and Level Annotations

Branches:
Dungeon (3/15)

Altars:
Hepliaklqana


Innate Abilities, Weirdness & Mutations

You are resistant to torment.
Your stone body is resilient. (AC +3)
You are immune to poison.
You resist negative energy. (rN+)
You are resistant to electric shocks. (rElec)
You can survive without breathing.
You are immune to petrification.
You are immune to rotting.


Message History

* * * LOW HITPOINT WARNING * * *
You climb upwards.
There is a stone staircase leading down here.
You miss the adder. The adder closely misses you.
The quokka closely misses you. The adder misses you.
You closely miss the adder. You block the adder's attack.
You barely miss the adder. The adder bites you.
* * * LOW HITPOINT WARNING * * *
The quokka barely misses you.
You barely miss the adder. The adder bites you but does no damage.
The quokka twitches its whiskers.
The quokka misses you.
You miss the adder. The adder bites you.
* * * LOW HITPOINT WARNING * * *
The quokka barely misses you.
You hit the quokka.
You kill the quokka!
The adder bites you but does no damage. The adder bites you.
You die...

##.#........#######
#.#........#
#########.#........#
...................#
.#########.........#
........##<........#
..#####............#
...................########
..######.......S@..#......#
..# ####....#####......#
..# ##..............# ..#
###............# ..#
#######......# ..# #......#
### #......# #......#
#......#


You could see an adder.

Vanquished Creatures
  5 adders (D:2)
  A worm (D:2)
  A dart slug (D:1)
  2 leopard geckos (D:2)
  4 bats (D:1)
  A giant cockroach (D:3)
  4 goblins
  12 hobgoblins
  4 jackals (D:1)
  2 quokkas (D:2)
  A ball python (D:2)
  3 frilled lizards
  6 kobolds
  A leopard gecko zombie (D:2)
  7 rats
54 creatures vanquished.

Notes
Turn   | Place    | Note
-------+----------+-------------------------------------------
     0 | D:1      | PentaManta the Gargoyle Monk began the quest for the Orb.
     0 | D:1      | Reached XP level 1. HP: 14/14 MP: 1/1
   311 | D:1      | Reached XP level 2. HP: 19/19 MP: 2/2
   345 | D:1      | Reached skill level 1 in Armour
   653 | D:1      | Reached XP level 3. HP: 23/23 MP: 3/3
  1679 | D:2      | Reached skill level 4 in Maces & Flails
  1679 | D:2      | Reached XP level 4. HP: 15/28 MP: 2/4
  1759 | D:2      | Found a hazy altar of Hepliaklqana.
  2328 | D:2      | Slain by an adder

Levels and vault maps discovered:
D:1:      dpeg_arrival_boxes_within_box, layout_rooms, serial_curves,
          eino_curves_02, eino_curves_02, eino_curves_03, eino_curves_01,
          minivault_19, minmay_misc_feat_four_crosses
D:2:      layout_rooms, lemuel_round_altar, minmay_quadrilaterals
D:3:      layout_loops_cross, lemuel_coloured_pillars_altar, uniq_jessica

Skill      XL: |  1  2  3  4 |
---------------+-------------+-----
Armour         | 1 2 |  2.0
Maces & Flails | 4 |  4.3
Dodging        | 3 |  3.0
Fighting       | |  3.2
Stealth        | |  2.1
Shields        | |  0.6

Action                   |  1- 3 |  4- 6 || total
-------------------------+-------+-------++-------
Melee: Mace              |    37 |       ||    37
       Whip              |   107 |    99 ||   206
 Stab: Sleeping          |     3 |     1 ||     4
  Eat: Chunk             |     1 |     3 ||     4
Armor: Robe              |    40 |    58 ||    98
Dodge: Dodged            |   102 |    96 ||   198
Block: Buckler           |       |    18 ||    18
